 Dungeon Crawl Stone Soup version 0.25-a0-166-g16436c4407 (webtiles) character file.

Game seed: 11463967348695434957, levelgen mode: deterministic

676800 floatRand the Demonic Cataclysm (level 27, -3/226 HPs)
             Began as a Demonspawn Fighter on Nov 21, 2019.
             Was a High Priest of Qazlal.
             Slain by an Ice Fiend (16 damage)
             ... in Pandemonium on Nov 23, 2019.
             The game lasted 03:06:11 (71517 turns).

floatRand the Demonic Cataclysm (DsFi)             Turns: 71517, Time: 03:06:12

Health: -3/226     AC: 39    Str: 20    XL:     27
Magic:  58/58      EV: 22    Int: 18    God:    Qazlal [*****.]
Gold:   6901       SH: 23    Dex: 29    Spells: 38/40 levels left

rFire    + + +     SeeInvis +   E - +9 demon blade (elec)
rCold    + + .     Gourm    .   T - +1 shield "Fuimnomu" {Regen+ MP+9 Dex+7 Slay-2}
rNeg     + . .     Faith    .   v - +2 gold dragon scales
rPois    +         Spirit   .   S - +0 mask of the Dragon {MR+ Slay+3 SInv}
rElec    +         Reflect  .   V - +4 cloak of Chimes {rElec rF+ MR+ MP+9 Dex-4}
rCorr    .         Harm     .   e - +2 pair of gloves {Str+3}
MR       +++++     Rnd*Tele +   (boots unavailable)
Stlth    ..........             Y - amulet "Byjo" {rC- MR++ Regen+ Slay+3 Stlth+}
HPRegen  1.27/turn              t - ring of the Swan {+Inv rC+ rN+ Int+4}
MPRegen  0.36/turn              Q - ring of Psychosis {Dex+2 Slay+5}

@: agile, weakened, protected from physical damage, studying Long Blades, repel
missiles
A: hooves 3, horns 2, molten scales 3, blink, cold resistance 1, fire resistance
1, nightstalker 3, passive freeze, powered by pain 3, teleportitis 1, weak 1, no
potion heal 2, freezing cloud immunity
}: 3/15 runes: serpentine, barnacled, silver
a: Blink, Upheaval, Elemental Force, Disaster Area, Renounce Religion, Evoke
Invisibility


You were in Pandemonium.
You worshipped Qazlal.
Qazlal was extremely pleased with you.
You were not hungry.

You visited 11 branches of the dungeon, and saw 50 of its levels.
You visited Pandemonium 2 times, and saw 3 of its levels.
You visited 1 ziggurat, and saw 14 of its levels.
You also visited: Trove, Gauntlet and Ice Cave.

You collected 11250 gold pieces.
You spent 4349 gold pieces at shops.

Inventory:

Hand Weapons
 c - the +8 hand crossbow of Summer {penet, Int+3 SInv Stlth-}
   (You found it on level 11 of a ziggurat)

   Ammo fired by it will pass through the targets it hits, potentially hitting
   all targets in its path until it reaches maximum range.
   It affects your intelligence (+3).
   It lets you see invisible.
   It makes you less stealthy.
 E - a +9 demon blade of electrocution (weapon)
Missiles
 G - 355 bolts
Armour
 e - a +2 pair of gloves of strength (worn)
 v - +2 gold dragon scales (worn)
 O - the +0 helmet of the Tortoise {rF++ rCorr Dex-2}
   (You found it in a Gauntlet)

   It affects your dexterity (-2).
   It greatly protects you from fire.
   It provides partial protection from all sources of acid and corrosion.
 S - the +0 mask of the Dragon (worn) {MR+ Slay+3 SInv}
   (You found it on level 8 of a ziggurat)

   It affects your accuracy and damage with ranged weapons and melee attacks
   (+3).
   It affects your resistance to hostile enchantments.
   It lets you see invisible.
 T - the +1 shield "Fuimnomu" (worn) {Regen+ MP+9 Dex+7 Slay-2}
   (You took it off a minotaur in a Gauntlet)

   It affects your dexterity (+7).
   It affects your accuracy and damage with ranged weapons and melee attacks
   (-2).
   It affects your magic capacity (+9).
   It increases your rate of regeneration.
 V - the +4 cloak of Chimes (worn) {rElec rF+ MR+ MP+9 Dex-4}
   (You found it on level 13 of a ziggurat)

   It affects your dexterity (-4).
   It protects you from fire.
   It insulates you from electricity.
   It affects your resistance to hostile enchantments.
   It affects your magic capacity (+9).
Jewellery
 m - the ring "Citzuakh" {Fire rPois rN+ Int-3 Dex+2}
   (You took it off a deep elf death mage on level 3 of the Elven Halls)

   [ring of fire]

   It enhances your fire magic.
   It affects your intelligence (-3).
   It affects your dexterity (+2).
   It protects you from fire.
   It makes you vulnerable to cold.
   It protects you from poison.
   It protects you from negative energy.
 q - a +5 ring of slaying
 t - the ring of the Swan (left hand) {+Inv rC+ rN+ Int+4}
   (You found it in a treasure trove)

   [ring of positive energy]

   It affects your intelligence (+4).
   It protects you from cold.
   It protects you from negative energy.
   It lets you turn invisible.
 B - the ring "Uskic" {rF++ Int+2 SInv}
   (You acquired it on level 7 of the Dungeon)

   [ring of see invisible]

   It affects your intelligence (+2).
   It greatly protects you from fire.
   It lets you see invisible.
 Q - the ring of Psychosis (right hand) {Dex+2 Slay+5}
   (You found it in a treasure trove)

   [ring of dexterity]

   It affects your dexterity (+2).
   It affects your accuracy and damage with ranged weapons and melee attacks
   (+5).
 W - the ring of Vibade {rElec rC+ MR+ Int+5}
   (You found it in a treasure trove)

   [ring of intelligence]

   It affects your intelligence (+5).
   It protects you from cold.
   It insulates you from electricity.
   It affects your resistance to hostile enchantments.
 Y - the amulet "Byjo" (around neck) {rC- MR++ Regen+ Slay+3 Stlth+}
   (You found it in a treasure trove)

   [amulet of regeneration]

   It affects your accuracy and damage with ranged weapons and melee attacks
   (+3).
   It makes you vulnerable to cold.
   It affects your resistance to hostile enchantments.
   It increases your rate of regeneration.
   It makes you more stealthy.
Wands
 n - a wand of clouds (16)
 o - a wand of disintegration (50)
 A - a wand of digging (24)
 F - a wand of paralysis (20)
 J - a wand of scattershot (14)
 K - a wand of iceblast (70)
 L - a wand of flame (11)
 N - a wand of acid (17)
Scrolls
 g - 12 scrolls of fear
 h - 21 scrolls of teleportation
 r - 34 scrolls of remove curse
 s - 12 scrolls of magic mapping
 w - 9 scrolls of identify
 x - a scroll of summoning
 z - 9 scrolls of blinking
 P - 10 scrolls of fog
 R - a scroll of silence
Potions
 a - 4 potions of cancellation
 b - 4 potions of haste
 d - 2 potions of might
 i - 8 potions of agility
 j - 5 potions of flight
 k - 5 potions of resistance
 l - 2 potions of brilliance
 p - 4 potions of berserk rage
 D - 7 potions of invisibility
 I - 14 potions of heal wounds
 M - 23 potions of curing
 Z - a potion of magic
Books
 U - a manual of Long Blades
Miscellaneous
 C - a sack of spiders
 H - 5 phantom mirrors
 X - 4 boxes of beasts
Comestibles
 f - 66 rations


   Skills:
 + Level 20.6 Fighting
 + Level 15.8 Long Blades
   Level 6.5 Bows
 + Level 5.8 Crossbows
 + Level 17.2 Armour
 + Level 18.8 Dodging
 - Level 15.0 Shields
 - Level 7.1 Spellcasting
 - Level 11.0 Charms
 - Level 9.3 Air Magic
 O Level 27 Invocations
 + Level 17.2 Evocations


You had 38 spell levels left.
You knew the following spells:

 Your Spells              Type           Power        Failure   Level  Hunger
a - Swiftness             Chrm/Air       #####...     10%         2    None

Your spell library contained the following spells:

 Spells                   Type           Power        Failure   Level  Hunger
 Shock                    Conj/Air       ###.         52%         1    None
 Airstrike                Air            #####.....   65%         4    ####...
 Poisonous Vapours        Pois/Air       ###...       67%         2    None
 Ozocubu's Armour         Chrm/Ice       ####....     78%         3    ##.....
 Regeneration             Chrm/Necr      ####......   78%         3    ##.....
 Spectral Weapon          Hex/Chrm       ####....     78%         3    ##.....
 Static Discharge         Conj/Air       ###.....     88%         3    ##.....
 Mephitic Cloud           Conj/Pois/Air  ###.....     98%         3    ##.....
 Animate Skeleton         Necr           N/A          99%         1    None
 Apportation              Tloc           #.....       99%         1    None
 Beastly Appendage        Tmut           #.....       99%         1    None
 Confusing Touch          Hex            #.....       99%         1    None
 Corona                   Hex            #......      99%         1    None
 Flame Tongue             Conj/Fire      #....        99%         1    None
 Freeze                   Ice            #...         99%         1    None
 Magic Dart               Conj           #...         99%         1    None
 Pain                     Necr           #...         99%         1    None
 Sandblast                Erth           #.....       99%         1    None
 Summon Butterflies       Summ           #.......     99%         1    None
 Summon Small Mammal      Summ           #...         99%         1    None
 Blink                    Tloc           N/A          99%         2    None
 Call Imp                 Summ           #.......     99%         2    None
 Ensorcelled Hibernation  Hex/Ice        #.....       99%         2    None
 Passwall                 Tmut/Erth      #.......     99%         2    None
 Slow                     Hex            #.......     99%         2    None
 Sticks to Snakes         Tmut           #.......     99%         2    None
 Throw Flame              Conj/Fire      #.....       99%         2    None
 Throw Frost              Conj/Ice       #.....       99%         2    None
 Summon Lightning Spire   Summ/Air       ###.....     99%         4    ####...
 Call Canine Familiar     Summ           #.......     100%        3    ##.....
 Confuse                  Hex            #.......     100%        3    ##.....
 Conjure Flame            Conj/Fire      #.......     100%        3    ##.....
 Dazzling Spray           Conj/Hex       #.....       100%        3    ##.....
 Gell's Gravitas          Tloc           #.........   100%        3    ##.....
 Inner Flame              Hex/Fire       #.......     100%        3    ##.....
 Lesser Beckoning         Tloc           #.........   100%        3    ##.....
 Portal Projectile        Hex/Tloc       #.....       100%        3    ##.....
 Recall                   Summ/Tloc      N/A          100%        3    ##.....
 Spider Form              Tmut/Pois      #.........   100%        3    ##.....
 Stone Arrow              Conj/Erth      #.....       100%        3    ##.....
 Summon Guardian Golem    Hex/Summ       #.......     100%        3    ##.....
 Tukima's Dance           Hex            #.......     100%        3    ##.....
 Vampiric Draining        Necr           #.........   100%        3    ##.....
 Animate Dead             Necr           N/A          100%        4    ####...
 Force Lance              Conj/Tloc      #.......     100%        4    ####...
 Ice Form                 Ice/Tmut       #.......     100%        4    ####...
 Leda's Liquefaction      Hex/Erth       #.........   100%        4    ####...
 Petrify                  Tmut/Erth      #.......     100%        4    ####...
 Summon Ice Beast         Ice/Summ       #.......     100%        4    ####...
 Throw Icicle             Conj/Ice       #.......     100%        4    ####...
 Alistair's Intoxication  Tmut/Pois      #.......     100%        5    #####..
 Aura of Abjuration       Summ           #.........   100%        5    #####..
 Blade Hands              Tmut           #.........   100%        5    #####..
 Bolt of Magma            Conj/Fire/Erth #.........   100%        5    #####..
 Borgnjor's Vile Clutch   Necr/Erth      #.........   100%        5    #####..
 Excruciating Wounds      Chrm/Necr      ####......   100%        5    #####..
 Irradiate                Conj/Tmut      #.........   100%        5    #####..
 Iskenderun's Battlesphe  Conj/Chrm      ####....     100%        5    #####..
 Lee's Rapid Deconstruct  Erth           #.........   100%        5    #####..
 Lightning Bolt           Conj/Air       ###.......   100%        5    #####..
 Metabolic Englaciation   Hex/Ice        #.........   100%        5    #####..
 Silence                  Hex/Air        ###.......   100%        5    #####..
 Summon Demon             Summ           #.........   100%        5    #####..
 Summon Forest            Summ/Tloc      #.........   100%        5    #####..
 Summon Mana Viper        Hex/Summ       #.......     100%        5    #####..
 Venom Bolt               Conj/Pois      #.........   100%        5    #####..
 Bolt of Cold             Conj/Ice       #.........   100%        6    #######
 Deflect Missiles         Chrm/Air       #####.....   100%        6    #######
 Dispersal                Tloc           #.........   100%        6    #######
 Freezing Cloud           Conj/Ice/Air   ###.......   100%        6    #######
 Hydra Form               Tmut           #.........   100%        6    #######
 Invisibility             Hex            #.......     100%        6    #######
 Iron Shot                Conj/Erth      #.........   100%        6    #######
 Ozocubu's Refrigeration  Ice            #.........   100%        6    #######
 Poison Arrow             Conj/Pois      #.........   100%        6    #######
 Shadow Creatures         Summ           N/A          100%        6    #######
 Simulacrum               Ice/Necr       #.........   100%        6    #######
 Statue Form              Tmut/Erth      #........    100%        6    #######
 Dragon Form              Tmut           #.........   100%        7    #######
 Malign Gateway           Summ/Tloc      #.........   100%        7    #######
 Orb of Destruction       Conj           #.........   100%        7    #######
 Ring of Flames           Chrm/Fire      ####......   100%        7    #######
 Spellforged Servitor     Conj/Summ      #.........   100%        7    #######
 Summon Hydra             Summ           #.........   100%        7    #######
 Chain Lightning          Conj/Air       ###.......   100%        8    #######
 Controlled Blink         Tloc           N/A          100%        8    #######
 Disjunction              Tloc           #.........   100%        8    #######
 Lehudib's Crystal Spear  Conj/Erth      #.........   100%        8    #######
 Fire Storm               Conj/Fire      #.........   100%        9    #######
 Glaciate                 Conj/Ice       #.........   100%        9    #######
 Shatter                  Erth           #.........   100%        9    #######


Dungeon Overview and Level Annotations

Branches:
Dungeon (15/15)            Temple (1/1) D:7            Lair (6/6) D:9
 Shoals (4/4) Lair:4        Snake (4/4) Lair:2        Slime (0/5) Lair:6
    Orc (2/2) D:9             Elf (3/3) Orc:2        Vaults (5/5) D:13
  Crypt (3/3) Vaults:3       Tomb (0/3) Crypt:3      Depths (5/5) D:15
    Zot (2/5) Depths:5      IceCv (visited)         Gauntlet (visited)

Altars:
Ashenzari
Cheibriados
Dithmenos
Elyvilon
Fedhas
Gozag
Hepliaklqana
Kikubaaqudgha
Makhleb
Nemelex Xobeh
Okawaru
Qazlal
Ru
Sif Muna
Trog
Uskayaw
Vehumet
Wu Jian
Xom
Yredelemnul
Zin
The Shining One
Beogh
Jiyva

Shops:
D:4 *   D:7 :   D:13 =   D:14 *   Orc:2 %:[[   Elf:1 }   Elf:3 }   Shoals:1 (
Shoals:4 [   Vaults:3 ?   Vaults:4 *   Vaults:5 =:[?(%!   Depths:1 [
Depths:4 :

Portals:
Hell: Depths:1 Depths:2 Depths:3 Depths:4 Depths:5
Abyss: Depths:4 Depths:5
Pandemonium: Depths:3

Annotations:
D:15 Roxanne
Elf:2 5 runed translucent doors


Innate Abilities, Weirdness & Mutations

You have hooves in place of feet.
You are completely covered in molten scales. (AC +4, rF+)
Your flesh is cold resistant. (rC+)
You are completely attuned to the shadows.
A frigid envelope surrounds you and freezes all who hurt you.
You are powered by pain.
You are immune to freezing clouds.
You have a pair of horns on your head.
You can translocate small distances at will.
Your flesh is heat resistant. (rF+)
You are occasionally teleported next to monsters.
You are weak. (Str -2)
Potions are poor at restoring your health.


Message History

The Ice Fiend is moderately wounded.
The reaper shouts, "You must die NOW!"
The reaper hits you from afar with a +4 scythe of flaming!
* * * LOW HITPOINT WARNING * * *
The reaper burns you.
* * * LOW HITPOINT WARNING * * *
You slash the Ice Fiend! You kick the Ice Fiend.
Your headbutt misses the Ice Fiend.
The Ice Fiend is moderately wounded.
The Ice Fiend is engulfed in blazing flames.
You block the Ice Fiend's attack.
The Ice Fiend claws you but does no damage.
The Ice Fiend completely resists.
Your gold dragon scales prevents you from hitting the Ice Fiend.
You kick the Ice Fiend. You headbutt the Ice Fiend.
The Ice Fiend is severely wounded.
You block the Ice Fiend's attack. The Ice Fiend claws you!
* * * LOW HITPOINT WARNING * * *
The Ice Fiend freezes you! You resist.
You die...

.........# +
.........# #
+......)..#
#.........####
##.............
...............
..#.#.#........
.#.#1###.#.....
#.#2)@#####.#..
.###○### ##
##.°.##
..#....)#.
........4.
..#.......
.###...#.


You could see an Ice Fiend, a reaper and a red devil.

Vanquished Creatures
  An ancient lich (Zig:12)
  2 orbs of fire (Zot:2)
  3 juggernauts
  Sojobo (Crypt:3)
  Frederick (Vaults:3)
  Boris (twice) (Depths:5 Crypt:2)
  A shard shrike (Zig:11)
  Bai Suzhen (Depths:1)
  6 Killer Klowns
  8 pandemonium lords
  A caustic shrike (Depths:1)
  Vashnia (Snake:4)
  3 golden dragons
  Nikola (Depths:2)
  2 profane servitors (Crypt:3)
  A bone dragon (Depths:5)
  An electric golem (Zot:2)
  7 liches
  A Brimstone Fiend (Pan)
  Rupert (D:13)
  4 Ice Fiends
  Asterion (Vaults:4)
  6 tentacled monstrosities
  6 deep elf master archers
  9 titans
  A quicksilver dragon (shapeshifter) (Zig:13)
  5 quicksilver dragons
  5 deep elf blademasters (Elf:3)
  5 death cobs
  4 krakens
  7 sphinxes
  8 ancient champions
  2 Executioners (Pan)
  Kirke (Lair:3)
  9 storm dragons
  6 shadow dragons
  A shadow dragon (shapeshifter) (Zig:13)
  8 tengu reavers
  2 draconian monks (Depths:5)
  3 revenants
  Ilsuiw (Shoals:4)
  8 fire giants
  4 draconian knights
  2 ghost moths
  12 nagarajas
  Louise (D:15)
  2 draconian scorchers
  5 orc warlords
  Aizul (Snake:4)
  6 deep elf sorcerers
  18 vault wardens
  6 balrugs
  5 cacodemons (Pan)
  9 frost giants
  5 ghouls
  A draconian stormcaller (Zig:6)
  2 iron dragons (Vaults:5)
  A draconian shifter (Zot:2)
  3 curse skulls (Crypt:1)
  3 deep elf elementalists (Elf:3)
  A draconian annihilator (Zig:6)
  5 spriggan defenders
  15 very ugly things
  A warmonger (Pan)
  2 war gargoyles
  17 ironheart preservers
  4 reapers
  An entropy weaver (shapeshifter) (Zig:10)
  23 stone giants
  An entropy weaver (Vaults:4)
  A blood saint (Pan)
  4 green draconians
  7 vampire knights
  4 black suns (Pan)
  3 lorocyprocas (Pan)
  4 corrupters (Pan)
  6 deep elf demonologists
  6 black draconians
  A yellow draconian (Zot:1)
  A dire elephant (shapeshifter) (Zig:13)
  3 purple draconians
  4 deep elf annihilators (Elf:3)
  A minotaur (Gauntlet)
  5 red draconians
  8 spark wasps
  2 white draconians
  12 jiangshi
  5 eidola
  A crystal guardian (Vaults:5)
  20 ettins
  2 blizzard demons (Zig:11)
  12 fire dragons
  9 merfolk javelineers
  A green death (Pan)
  10 deep elf high priests
  11 merfolk impalers
  5 deep elf death magi
  25 yaktaur captains
  The ghost of Jeoraust the Cleaver, a journeyman MiFi of Okawaru (D:15)
  An ice dragon (shapeshifter) (Zig:13)
  4 great orbs of eyes
  2 mummy priests (Crypt:3)
  5 small abominations
  5 rakshasas
  6 large abominations
  13 hydras
  13 ice dragons
  19 naga warriors
  3 monstrous demonspawn
  2 death knights (Crypt:2)
  5 spriggan air magi
  An alligator snapping turtle (Shoals:4)
  17 anacondas
  14 centaur warriors
  An anaconda (shapeshifter) (Vaults:4)
  44 vault guards
  2 catoblepae
  A ghost crab (Zig:2)
  39 two-headed ogres
  5 merfolk aquamancers
  14 ogre magi
  An alligator (Zig:2)
  11 merfolk avatars
  A two-headed ogre (shapeshifter) (Depths:1)
  6 vampire magi
  6 satyrs
  11 dancing weapons
  9 deep troll earth magi
  5 death yaks
  7 deep troll shamans
  A shock serpent (shapeshifter) (Vaults:3)
  2 death scarabs (Gauntlet)
  11 orc high priests
  8 tengu warriors
  A hell hog (Pan)
  18 naga sharpshooters
  3 spriggan berserkers
  2 shock serpents
  17 sun demons
  The ghost of floatRand the Unseen, a journeyman SpBe of Trog (D:12)
  12 soul eaters
  13 hell knights
  26 slime creatures
  A wretched star (Zig:3)
  17 deep elf knights
  7 salamander mystics
  A fire crab (Lair:6)
  3 sixfirhies (Pan)
  An iron troll (Depths:2)
  A spectral catoblepas (Gauntlet)
  10 shadow wraiths
  A fire crab (shapeshifter) (Elf:2)
  17 skeletal warriors
  3 infernal demonspawn (Pan)
  8 flayed ghosts
  An unseen horror (shapeshifter) (D:13)
  22 sea snakes
  4 gelid demonspawn (Pan)
  11 wizards
  27 deep trolls
  8 glowing orange brains
  2 obsidian statues
  10 naga ritualists
  An orange crystal statue (Zig:10)
  2 torturous demonspawn (Pan)
  20 deep elf archers
  An iron giant zombie (Crypt:2)
  An anaconda zombie (Crypt:1)
  A shadow demon (Zig:4)
  A harpy (shapeshifter) (Vaults:5)
  27 harpies
  8 phantasmal warriors
  25 ironbrand convokers
  A lindwurm (shapeshifter) (Depths:1)
  14 orc knights
  6 necromancers
  29 ugly things
  4 oklob plants (Lair:2)
  8 orc sorcerers
  3 wolf spider zombies
  70 deep elf magi
  11 manticores
  A fire giant zombie (Vaults:2)
  5 wolf spiders
  15 mana vipers
  A manticore (shapeshifter) (Zig:12)
  An orb spider (shapeshifter) (Zig:13)
  14 cyclopes
  A salamander (shapeshifter) (Zig:13)
  22 fauns
  36 black mambas
  A human skeleton (Vaults:2)
  11 merfolk sirens
  A moth of wrath (shapeshifter) (Vaults:2)
  13 salamanders
  14 vault sentinels
  A water nymph (shapeshifter) (Zig:13)
  15 moths of wrath
  A black mamba (shapeshifter) (Depths:2)
  A guardian serpent (shapeshifter) (Vaults:4)
  12 naga magi
  A rust devil (Depths:2)
  10 water nymphs
  3 apocalypse crabs
  3 ice statues
  A frost giant skeleton (Crypt:3)
  Joseph (D:7)
  An eye of devastation (Vaults:1)
  Maurice (D:12)
  3 molten gargoyles (Lair:6)
  12 smoke demons (Pan)
  Psyche (D:9)
  A human zombie (Vaults:2)
  12 spiny frogs
  A torpor snail (shapeshifter) (Depths:4)
  A grey draconian zombie (Crypt:3)
  A torpor snail (Lair:3)
  A gargoyle (D:14)
  10 guardian serpents
  An emperor scorpion zombie (Crypt:3)
  4 freezing wraiths
  58 yaktaurs
  9 orange demons (Pan)
  A catoblepas zombie (Crypt:3)
  8 komodo dragons
  4 rime drakes
  A komodo dragon (shapeshifter) (Elf:1)
  A purple draconian zombie (Crypt:2)
  3 demonic crawlers (Pan)
  4 ice devils
  A tormentor (Pan)
  4 efreet
  3 guardian mummies (Crypt:3)
  A harpy zombie (Crypt:3)
  7 red devils (Pan)
  12 polar bears
  9 trolls
  10 tengu conjurers
  A pale draconian skeleton (Crypt:2)
  6 hellwings (Pan)
  10 wind drakes
  3 meliai (D:14)
  A death yak skeleton (Crypt:1)
  2 trolls (shapeshifter)
  41 merfolk
  2 jumping spiders (shapeshifter)
  A polar bear (shapeshifter) (Zig:10)
  A wind drake (shapeshifter) (Zig:12)
  Prince Ribbit (D:7)
  11 blink frogs
  An ettin zombie (Crypt:3)
  6 dream sheep
  2 slime creatures (shapeshifter) (Zig:10)
  A dream sheep (shapeshifter) (Depths:2)
  8 hornets
  A snapping turtle (shapeshifter) (Vaults:5)
  15 hippogriffs
  14 snapping turtles
  A hippogriff (shapeshifter) (Zig:10)
  A jumping spider zombie (Crypt:3)
  A frost giant simulacrum (Zig:11)
  A stone giant simulacrum (Vaults:2)
  2 air elementals
  An ice dragon zombie (Crypt:1)
  A centaur simulacrum (D:10)
  A fire dragon skeleton (Crypt:3)
  3 spriggans
  3 vampires (Vaults:3)
  11 ynoxinuls (Pan)
  A spriggan (shapeshifter) (Depths:1)
  12 water elementals
  18 shadows
  2 wyverns (Lair:6)
  2 redbacks (Vaults:4)
  3 wraiths
  2 ushabtiu (Crypt:3)
  A basilisk (shapeshifter) (Elf:2)
  7 chaos spawn
  41 yaks
  11 basilisks
  3 hungry ghosts
  2 hogs (Lair:3)
  The ghost of Leeroy the Slasher, an amateur DrSk (D:4)
  5 neqoxecs (Pan)
  A steam dragon (Lair:6)
  2 fire elementals
  A steam dragon (shapeshifter) (Depths:1)
  A warg (shapeshifter) (Vaults:2)
  5 vampire mosquitoes (D:15)
  Menkaure (D:7)
  A spectral spiny frog (Gauntlet)
  51 nagas
  2 soldier ants (shapeshifter)
  An infernal demonspawn zombie (Crypt:3)
  A two-headed ogre zombie (Crypt:1)
  5 acid dragons
  9 wargs
  6 water moccasins
  7 porcupines
  4 hell hounds (Lair:6)
  A two-headed ogre skeleton (Crypt:1)
  3 phantoms
  2 eyes of draining
  A meliai simulacrum (D:15)
  76 orc warriors
  3 sky beasts
  2 black bears
  6 ice beasts
  3 ettin simulacra (Depths:3)
  6 necrophages
  53 ogres
  19 centaurs
  7 boggarts
  A lindwurm zombie (Crypt:3)
  18 wolves
  2 dream sheep skeletons (Crypt:2)
  A centaur (shapeshifter) (Vaults:5)
  A snapping turtle skeleton (Crypt:1)
  6 crocodiles
  A big kobold (D:11)
  A hog skeleton (Crypt:2)
  17 bullfrogs
  A wyvern zombie (D:13)
  2 gnoll sergeants
  4 earth elementals
  A cyclops zombie (Crypt:1)
  A wyvern skeleton (Crypt:3)
  A scorpion (shapeshifter) (Vaults:1)
  3 scorpions
  A water moccasin skeleton (D:9)
  8 killer bees
  10 wights
  8 electric eels (D:11)
  9 crimson imps
  10 lava snakes
  A bullfrog zombie (D:13)
  9 centaur zombies
  4 centaur skeletons
  4 hounds
  28 orc wizards
  A soldier ant zombie (Crypt:3)
  42 orc priests
  2 jellies
  A gnoll shaman (D:8)
  5 iguanas
  5 worker ants
  An ogre zombie (Crypt:1)
  A tengu zombie (Crypt:1)
  A crocodile skeleton (Crypt:2)
  An acid dragon skeleton (Crypt:2)
  A hound skeleton (D:5)
  2 hound zombies
  A worker ant zombie (D:10)
  9 gnolls (D:8)
  2 howler monkey skeletons
  19 adders
  7 shadow imps
  2 adder skeletons
  6 worms
  4 leopard geckos
  140 orcs
  5 giant cockroaches
  5 goblins
  12 hobgoblins
  5 jackals
  18 kobolds
  3 quokkas
  6 bats
  6 frilled lizards
  A quokka skeleton (D:8)
  7 rats
  A spectral orc (D:6)
  3 crawling corpses
  2 plants (Shoals:4)
  7 tentacles
2656 creatures vanquished.

Vanquished Creatures (others)
  2 hell hogs (Pan)
  A shadow wraith (Crypt:2)
  A sea snake (Shoals:3)
  A spriggan druid (Zig:2)
  A deep elf archer (Elf:3)
  A freezing wraith (Vaults:5)
  A yaktaur (Depths:2)
  A human (Lair:4)
  3 yaks (IceCv)
  A naga (Snake:4)
  A floating eye (Depths:3)
  A boggart (Depths:2)
  7 wolves (IceCv)
  A centaur (D:13)
  An orc priest (Orc:2)
  An orc wizard (Orc:2)
  An orc (Orc:1)
  21 fungi
  39 plants
  22 tentacles
  3 withered plants (Gauntlet)
111 creatures vanquished.

Grand Total: 2767 creatures vanquished

Notes
Turn   | Place    | Note
-------+----------+-------------------------------------------
     0 | D:1      | floatRand the Demonspawn Fighter began the quest for the
                  | Orb.
     0 | D:1      | Reached XP level 1. HP: 18/18 MP: 1/1
   621 | D:2      | Gained mutation: You are partially covered in molten
                  | scales. (AC +2) [demonic ancestry]
   621 | D:2      | Reached XP level 2. HP: 16/24 MP: 2/2
   840 | D:2      | Gained mutation: You have large cloven feet. [demonic
                  | ancestry]
   840 | D:2      | Reached XP level 3. HP: 26/29 MP: 3/3
   979 | D:2      | Noticed a moth of wrath
   982 | D:2      | Found a bloodstained altar of Trog.
  1195 | D:2      | Gained mutation: You are slightly more attuned to the
                  | shadows. [demonic ancestry]
  1195 | D:2      | Reached XP level 4. HP: 35/35 MP: 4/4
  1596 | D:2      | Found a burning altar of Makhleb.
  1638 | D:3      | Noticed a centaur
  1643 | D:3      | Killed a centaur
  1643 | D:3      | Reached XP level 5. HP: 33/42 MP: 5/5
  2552 | D:4      | Noticed a centaur
  2559 | D:4      | Killed a centaur
  2559 | D:4      | Gained mutation: You sometimes gain a little power by
                  | taking damage. [demonic ancestry]
  2559 | D:4      | Reached XP level 6. HP: 42/48 MP: 6/6
  2666 | D:4      | Found a transporter.
  2687 | D:4      | Found a sparkling altar of Nemelex Xobeh.
  2701 | D:4      | Noticed Leeroy's ghost (amateur DrSk)
  2860 | D:4      | Found Feilu's Assorted Antiques.
  2863 | D:4      | Bought a scroll labeled UMOCZE JELOPN for 30 gold pieces
  2863 | D:4      | Bought a scroll labeled XUKLEQ XUORGH for 30 gold pieces
  3362 | D:5      | Entered Level 5 of the Dungeon
  3396 | D:5      | Reached XP level 7. HP: 45/55 MP: 7/7
  3793 | D:5      | Reached skill level 5 in Long Blades
  4012 | D:5      | Found a glowing silver altar of Zin.
  4421 | D:6      | Found a radiant altar of Vehumet.
  4644 | D:6      | Found an iron altar of Okawaru.
  4882 | D:6      | Found a basalt altar of Yredelemnul.
  5299 | D:7      | Reached skill level 5 in Fighting
  5299 | D:7      | Reached XP level 8. HP: 3/62 MP: 8/8
  5607 | D:6      | Identified 3 scrolls of acquirement
  5643 | D:7      | Found a blossoming altar of Fedhas.
  5645 | D:7      | Found a snail-covered altar of Cheibriados.
  5648 | D:7      | Noticed Menkaure
  5659 | D:7      | Killed Menkaure
  5898 | D:7      | Noticed a hippogriff
  5908 | D:7      | Killed a hippogriff
  5908 | D:7      | Reached skill level 5 in Armour
  5908 | D:7      | Reached skill level 5 in Shields
  6042 | D:7      | Noticed Prince Ribbit
  6049 | D:7      | Killed Prince Ribbit
  6221 | D:7      | Found a staircase to the Ecumenical Temple.
  6229 | Temple   | Entered the Ecumenical Temple
  6278 | Temple   | Became a worshipper of Qazlal Stormbringer
  6307 | D:7      | Reached skill level 1 in Invocations
  6478 | D:7      | Got a bound marble ring
  6479 | D:7      | Identified the ring "Uskic" {rF++ Int+2 SInv} (You acquired
                  | it on level 7 of the Dungeon)
  6494 | D:7      | Noticed a hippogriff
  6522 | D:7      | Killed a hippogriff
  6522 | D:7      | Reached skill level 2 in Invocations
  6759 | D:7      | Gained mutation: You are mostly covered in molten scales.
                  | (AC +3) [demonic ancestry]
  6759 | D:7      | Reached XP level 9. HP: 53/69 MP: 10/10
  6768 | D:7      | Reached skill level 3 in Invocations
  7123 | D:7      | Found a hazy altar of Hepliaklqana.
  7127 | D:7      | Found a hazy altar of Hepliaklqana.
  7149 | D:7      | Found a shimmering blue altar of Sif Muna.
  7152 | D:7      | Reached skill level 4 in Invocations
  7236 | D:7      | Noticed Joseph
  7247 | D:7      | Killed Joseph
  7247 | D:7      | Reached skill level 5 in Invocations
  7250 | D:7      | Found Zuluafefaps's Book Shop.
  7397 | D:7      | Reached * piety under Qazlal
  7766 | D:8      | Reached skill level 6 in Invocations
  8376 | D:9      | Reached ** piety under Qazlal
  8464 | D:9      | Reached XP level 10. HP: 68/76 MP: 15/15
  8508 | D:9      | Noticed Psyche
  8513 | D:9      | Killed Psyche
  8513 | D:9      | Reached skill level 7 in Invocations
  8876 | D:9      | Found a staircase to the Lair.
  9044 | D:9      | Found a staircase to the Orcish Mines.
  9135 | D:10     | Entered Level 10 of the Dungeon
  9141 | D:10     | Reached skill level 8 in Invocations
  9162 | D:9      | Reached *** piety under Qazlal
  9424 | D:9      | Upgraded the game from 0.25-a0-161-gb7fd73da8f to
                  | 0.25-a0-164-gb55e97dba5
  9539 | D:10     | Noticed a two-headed ogre
  9546 | D:10     | Killed a two-headed ogre
  9546 | D:10     | Reached skill level 9 in Invocations
  9554 | D:10     | Got a scorched eveningstar
  9555 | D:10     | Identified the +7 eveningstar of Resourcefulness {drain,
                  | *Rage rC+ rN+} (You found it on level 10 of the Dungeon)
  9720 | D:10     | Noticed a two-headed ogre
  9727 | D:10     | Killed a two-headed ogre
  9727 | D:10     | Reached XP level 11. HP: 53/81 MP: 13/18
 10559 | D:11     | Reached skill level 10 in Invocations
 10708 | D:11     | Noticed a four-headed hydra
 10711 | D:11     | Killed a four-headed hydra
 10945 | D:11     | Found a frozen archway.
 10953 | IceCv    | Entered an ice cave
 10962 | IceCv    | Reached skill level 10 in Long Blades
 10989 | IceCv    | Reached skill level 11 in Invocations
 11304 | IceCv    | Reached **** piety under Qazlal
 11497 | IceCv    | Reached skill level 12 in Invocations
 11571 | IceCv    | Noticed a death yak
 11581 | IceCv    | Killed a death yak
 11587 | IceCv    | Reached XP level 12. HP: 74/87 MP: 21/21
 11695 | IceCv    | Noticed a death yak
 11702 | IceCv    | Noticed a death yak
 11707 | IceCv    | Killed a death yak
 11717 | IceCv    | Killed a death yak
 11913 | IceCv    | Noticed a white draconian
 11936 | IceCv    | Killed a white draconian
 11936 | IceCv    | Reached skill level 13 in Invocations
 13654 | D:12     | Noticed floatRand's ghost (journeyman SpBe)
 13658 | D:12     | Found a runed translucent door.
 13662 | D:12     | Noticed Maurice
 13671 | D:12     | Killed Maurice
 13747 | D:12     | Killed floatRand's ghost
 14390 | Lair:1   | Entered Level 1 of the Lair of Beasts
 14571 | Lair:1   | Reached skill level 14 in Invocations
 14648 | Lair:1   | Reached ***** piety under Qazlal
 15157 | Lair:2   | Found a gate leading to a gauntlet.
 15176 | Gauntlet | Entered a Gauntlet
 15176 | Gauntlet | Found a transporter.
 15176 | Gauntlet | Found a transporter.
 15185 | Gauntlet | Found a transporter.
 15189 | Gauntlet | Noticed a death scarab
 15197 | Gauntlet | Found a transporter.
 15200 | Gauntlet | Noticed a catoblepas
 15201 | Gauntlet | Found a transporter.
 15208 | Gauntlet | Found a transporter.
 15235 | Gauntlet | Found a transporter.
 15244 | Gauntlet | Noticed a death scarab
 15254 | Gauntlet | Found a transporter.
 15257 | Gauntlet | Noticed a death ooze
 15262 | Gauntlet | Found a transporter.
 15285 | Gauntlet | Found a transporter.
 15462 | Gauntlet | Found a transporter.
 15489 | Gauntlet | Killed a death scarab
 15500 | Gauntlet | Killed a death scarab
 15501 | Gauntlet | Gained mutation: You are significantly more attuned to the
                  | shadows. [demonic ancestry]
 15501 | Gauntlet | Reached XP level 13. HP: 42/93 MP: 20/23
 15713 | Gauntlet | Got a heavily runed helmet
 15730 | Gauntlet | Found a transporter.
 15743 | Gauntlet | Found a transporter.
 15875 | Gauntlet | Identified the +1 shield "Fuimnomu" {Regen+ MP+9 Dex+7
                  | Slay-2}
 15875 | Gauntlet | Noticed a minotaur
 15888 | Gauntlet | Killed a minotaur
 15900 | Gauntlet | Identified the Almanac of Hexes
 15945 | Gauntlet | Identified Sif Muna's Papyrus of Supportive Fire
 16020 | Lair:2   | Reached skill level 15 in Invocations
 16214 | Lair:2   | Found a staircase to the Snake Pit.
 16385 | Lair:2   | Found the +3 sling "Punk" {acid, rCorr}
 17078 | Lair:3   | Reached skill level 10 in Armour
 17087 | Lair:3   | Reached skill level 10 in Shields
 17251 | Lair:3   | Identified the +0 helmet of the Tortoise {rF++ rCorr Dex-2}
                  | (You found it in a Gauntlet)
 17280 | Lair:3   | Reached skill level 16 in Invocations
 17864 | Lair:4   | Noticed Kirke
 17937 | Lair:3   | Killed Kirke
 18550 | Lair:4   | Reached XP level 14. HP: 81/99 MP: 26/26
 18770 | Lair:4   | Found a staircase to the Shoals.
 19341 | Lair:4   | Got a bronze leather armour
 20260 | Lair:6   | Entered Level 6 of the Lair of Beasts
 20260 | Lair:6   | Found a staircase to the Slime Pits.
 20262 | Lair:6   | Found a viscous altar of Jiyva.
 20307 | Lair:6   | Reached skill level 17 in Invocations
 20921 | Lair:6   | Identified the +6 leather armour of Itzysch {MR+ Str+2
                  | Dex+3} (You found it on level 4 of the Lair of Beasts)
 21397 | Lair:6   | Reached skill level 1 in Dodging
 21474 | Lair:6   | Found a large runed translucent door.
 21475 | Lair:6   | Found a large runed translucent door.
 22227 | D:13     | Noticed Rupert
 22259 | D:13     | Killed Rupert
 22890 | D:13     | Reached skill level 18 in Invocations
 22976 | D:13     | Found Etzall's Jewellery Shop.
 23203 | D:13     | Found a gate to the Vaults.
 23713 | D:14     | Gained mutation: You have hoof-like feet. [demonic
                  | ancestry]
 23713 | D:14     | Reached XP level 15. HP: 107/107 MP: 28/28
 23786 | D:14     | Found Zozxepn's Assorted Antiques.
 23809 | D:14     | Got a translucent bronze ring
 23818 | D:14     | Bought a translucent garnet amulet for 145 gold pieces
 23818 | D:14     | Bought a scroll of identify for 58 gold pieces
 23818 | D:14     | Identified the amulet "Ocaff" {Faith Int+6 Dex+3 Slay+3}
                  | (You bought it in a shop on level 14 of the Dungeon)
 23916 | D:14     | You fall into a shaft and drop 1 floor!
 23916 | D:15     | Entered Level 15 of the Dungeon
 24690 | D:15     | Found a staircase to the Depths.
 24748 | D:15     | Found a runed translucent gate.
 24748 | D:15     | Found a runed translucent gate.
 24749 | D:15     | Found a runed translucent gate.
 24750 | D:15     | Noticed Jeoraust's ghost (journeyman MiFi)
 24750 | D:15     | Noticed an orc warlord
 24807 | D:15     | Identified the +3 leather armour "Qycasy" {rN+ Regen+
                  | Dex+2}
 24872 | D:15     | Noticed a frost giant
 24882 | D:15     | Killed a frost giant
 24882 | D:15     | Reached skill level 19 in Invocations
 25198 | D:15     | Noticed Louise
 25208 | D:15     | Killed Louise
 25440 | D:15     | Identified Roxanne's Incunabulum of the Rocks
 25440 | D:15     | Noticed Roxanne
 25509 | D:15     | Found a snail-covered altar of Cheibriados.
 25725 | D:15     | Killed Jeoraust's ghost
 25730 | D:15     | Killed an orc warlord
 25747 | D:15     | Found an iron altar of Okawaru.
 26598 | D:4      | Bought a lumpy ruby potion for 27 gold pieces
 26598 | D:4      | Bought a potion of haste for 300 gold pieces
 26598 | D:4      | Bought a scroll of identify for 60 gold pieces
 26598 | D:4      | Bought a potion of might for 120 gold pieces
 26598 | D:4      | Identified the ring of the Red Skies {Str+2 SInv Stlth-}
                  | (You found it on level 14 of the Dungeon)
 26643 | D:4      | Gained mutation: Your magical capacity is low. (-10% MP)
                  | [potion of mutation]
 26643 | D:4      | Gained mutation: You have hooves in place of feet. [potion
                  | of mutation]
 26643 | D:4      | Gained mutation: Your magical capacity is very low. (-20%
                  | MP) [potion of mutation]
 26643 | D:4      | Gained mutation: Your flesh is cold resistant. (rC+)
                  | [potion of mutation]
 26735 | D:4      | Found a transporter.
 26743 | D:4      | Killed Leeroy's ghost
 26917 | Orc:1    | Entered Level 1 of the Orcish Mines
 26949 | Orc:1    | Reached skill level 5 in Dodging
 27376 | Orc:2    | Entered Level 2 of the Orcish Mines
 27531 | Orc:2    | Reached ****** piety under Qazlal
 27566 | Orc:2    | Found Yfugakk's Food Emporium.
 27597 | Orc:2    | Found a roughly hewn altar of Beogh.
 27635 | Orc:2    | Found Hiruf's Book Shoppe.
 27732 | Orc:2    | Gained mutation: You are completely attuned to the shadows.
                  | [demonic ancestry]
 27732 | Orc:2    | Reached XP level 16. HP: 111/118 MP: 23/23
 28140 | Orc:2    | Identified the +4 battleaxe of Satui {chop, rN++ Dex+4}
 28432 | Orc:2    | Found a staircase to the Elven Halls.
 28513 | Orc:2    | Found a roughly hewn altar of Beogh.
 28571 | Orc:2    | Found Beligeor's Armour Emporium.
 28770 | Orc:2    | Found Kofoif's Antique Armour Shoppe.
 28776 | Orc:2    | Reached skill level 20 in Invocations
 28785 | Orc:2    | Bought a faintly humming ring mail for 189 gold pieces
 28785 | Orc:2    | Bought a runed scarf for 168 gold pieces
 28785 | Orc:2    | Bought a pair of glowing gloves for 157 gold pieces
 29629 | Shoals:1 | Entered Level 1 of the Shoals
 30426 | Shoals:1 | Found Niejac's Antique Weapon Shoppe.
 31405 | Shoals:2 | Reached skill level 21 in Invocations
 31478 | Shoals:2 | Identified the cursed +0 ring mail of the Vanishing Wars
                  | {rElec} (You bought it in a shop on level 2 of the Orcish
                  | Mines)
 31510 | Shoals:3 | Gained mutation: You sometimes gain power by taking damage.
                  | [demonic ancestry]
 31510 | Shoals:3 | Reached XP level 17. HP: 93/127 MP: 25/25
 31903 | Shoals:3 | Reached skill level 10 in Fighting
 32102 | Shoals:3 | Found a basalt altar of Yredelemnul.
 32105 | Shoals:3 | Noticed a kraken
 32117 | Shoals:3 | Killed a kraken
 32595 | Shoals:4 | Entered Level 4 of the Shoals
 32601 | Shoals:4 | Noticed Ilsuiw
 32608 | Shoals:4 | Killed Ilsuiw
 33386 | Shoals:4 | Reached skill level 22 in Invocations
 33949 | Shoals:4 | Noticed a kraken
 33989 | Shoals:4 | Found Qocoidd's Antique Armour Emporium.
 33999 | Shoals:4 | Killed a kraken
 34469 | Shoals:4 | Noticed a kraken
 34476 | Shoals:4 | Killed a kraken
 34486 | Shoals:4 | Got a barnacled rune of Zot
 34591 | Shoals:4 | Reached XP level 18. HP: 133/138 MP: 26/26
 36277 | Vaults:1 | Entered Level 1 of the Vaults
 36308 | Vaults:1 | Reached skill level 1 in Bows
 36972 | Vaults:1 | You fall into a shaft and drop 1 floor!
 36981 | Vaults:2 | Reached skill level 23 in Invocations
 38596 | Vaults:3 | Noticed Frederick
 38606 | Vaults:3 | Killed Frederick
 38606 | Vaults:3 | Mutation became permanent: You have hoof-like feet.
                  | [demonic ancestry]
 38606 | Vaults:3 | Gained mutation: You have hooves in place of feet. [demonic
                  | ancestry]
 38606 | Vaults:3 | Reached XP level 19. HP: 117/146 MP: 27/27
 38667 | Vaults:3 | Paralysed by an ogre mage for 4 turns
 38677 | Vaults:3 | Reached skill level 10 in Dodging
 39280 | Vaults:3 | Reached skill level 5 in Bows
 39353 | Vaults:3 | Reached skill level 24 in Invocations
 39621 | Vaults:3 | Found Iskanguy's Magic Scroll Emporium.
 39625 | Vaults:3 | Bought a scroll of identify for 36 gold pieces
 39625 | Vaults:3 | Bought a scroll of teleportation for 54 gold pieces
 39625 | Vaults:3 | Bought 3 scrolls of blinking for 405 gold pieces
 39625 | Vaults:3 | Bought a scroll of blinking for 135 gold pieces
 39723 | Vaults:3 | Found a staircase to the Crypt.
 40379 | Vaults:1 | Identified the +9 falchion "Feifi" {holy, rN+ Str-4 Dex+6
                  | SInv}
 41268 | Vaults:4 | Learned a level 2 spell: Swiftness
 41589 | Vaults:4 | Found Sacub's General Store.
 41688 | Vaults:4 | Gained mutation: You are completely covered in molten
                  | scales. (AC +4, rF+) [demonic ancestry]
 41688 | Vaults:4 | Reached XP level 20. HP: 155/155 MP: 29/29
 41760 | Vaults:4 | Reached skill level 1 in Air Magic
 41796 | Vaults:4 | Reached skill level 1 in Spellcasting
 41796 | Vaults:4 | Reached skill level 1 in Charms
 42445 | Vaults:4 | Noticed Asterion
 42454 | Vaults:4 | Killed Asterion
 43139 | Depths:1 | Entered Level 1 of the Depths
 43178 | Depths:1 | Found a portal to a secret trove of treasure.
 43200 | Depths:1 | Noticed Bai Suzhen
 43210 | Depths:1 | Killed Bai Suzhen
 43277 | Depths:1 | Reached skill level 25 in Invocations
 44166 | Depths:1 | Noticed a caustic shrike
 44172 | Depths:1 | Killed a caustic shrike
 44331 | Depths:1 | Identified the +1 robe "Fiwkapsio" {rN+++ Str-2 SInv
                  | Stlth+} (You found it on level 1 of the Depths)
 44379 | Depths:1 | Found a gateway to Hell.
 44583 | Depths:1 | You paid a toll of a +7 demon trident to enter a treasure
                  | trove
 44584 | Trove    | Entered a treasure trove
 44606 | Trove    | Got a brightly glowing ivory amulet
 44610 | Trove    | Got a transparent gossamer ring
 44616 | Trove    | Got a steaming platinum amulet
 44622 | Trove    | Got a clouded glass ring
 44626 | Trove    | Got a steaming wooden ring
 44628 | Trove    | Got a twitching copper ring
 44630 | Trove    | Got a crude marble ring
 44632 | Trove    | Got a clouded bone amulet
 44683 | Depths:1 | Found Ocrar's Armour Shoppe.
 44700 | Depths:1 | Bought a +2 pair of gloves of strength for 494 gold pieces
 44710 | Depths:1 | Bought quicksilver dragon scales for 1380 gold pieces
 45072 | Depths:2 | Reached skill level 15 in Shields
 45207 | Depths:2 | You fall into a shaft and drop 1 floor!
 45235 | Depths:3 | Mutation became permanent: Your flesh is cold resistant.
                  | (rC+) [demonic ancestry]
 45235 | Depths:3 | Gained mutation: Your flesh is cold resistant. (rC+)
                  | [demonic ancestry]
 45235 | Depths:3 | Reached XP level 21. HP: 142/163 MP: 15/30
 45522 | Depths:3 | Identified the ring of the Swan {+Inv rC+ rN+ Int+4} (You
                  | found it in a treasure trove)
 45687 | Depths:3 | Found a one-way gate leading to the halls of Pandemonium.
 45734 | Depths:3 | Identified the ring of the Pariah {rN+ Int+3} (You found it
                  | in a treasure trove)
 46297 | Depths:2 | Reached skill level 5 in Charms
 46298 | Depths:2 | Noticed Nikola
 46306 | Depths:2 | Killed Nikola
 46310 | Depths:2 | Reached skill level 5 in Spellcasting
 46366 | Depths:2 | Reached skill level 5 in Air Magic
 46434 | Depths:2 | Identified the ring of Psychosis {Dex+2 Slay+5} (You found
                  | it in a treasure trove)
 46637 | Depths:2 | Got a distressingly furry chain mail
 47332 | Depths:4 | Found a one-way gate to the infinite horrors of the Abyss.
 47582 | Depths:4 | Reached skill level 26 in Invocations
 47606 | Depths:4 | Got a steaming quarterstaff
 48166 | Depths:4 | Noticed a golden dragon
 48186 | Depths:4 | Killed a golden dragon
 48339 | Depths:4 | Found Teacylis's Book Shop.
 48737 | Depths:5 | Entered Level 5 of the Depths
 48787 | Depths:5 | Gained mutation: You are immune to freezing clouds.
                  | [demonic ancestry]
 48787 | Depths:5 | Reached XP level 22. HP: 156/172 MP: 31/31
 48822 | Depths:5 | Found a gateway to a ziggurat.
 48935 | Depths:5 | Noticed Boris
 48947 | Depths:5 | Killed Boris
 49229 | Depths:5 | Identified the +8 chain mail of Rotug {rElec Dex+3} (You
                  | found it on level 2 of the Depths)
 49843 | Depths:5 | Found a gate to the Realm of Zot.
 50040 | Depths:5 | Identified the ring of Vibade {rElec rC+ MR+ Int+5} (You
                  | found it in a treasure trove)
 50053 | Depths:5 | Identified the ring "Ilur" {Str+7 Int+3 Dex+3} (You found
                  | it in a treasure trove)
 50361 | Elf:1    | Entered Level 1 of the Elven Halls
 50614 | Elf:1    | Found a shimmering blue altar of Sif Muna.
 50656 | Elf:1    | Reached skill level 27 in Invocations
 50837 | Elf:1    | Identified Xair's Almanac of Plaster Cramp
 50891 | Elf:1    | Identified the Catalogue of Axaxaxas mlö
 50902 | Elf:1    | Identified the Compendium of Sand
 50941 | Elf:1    | Found Foif's Gadget Shop.
 51571 | Elf:2    | Identified the cursed +1 quarterstaff of the Heavens
                  | {protect, rF+} (You found it on level 4 of the Depths)
 51573 | Elf:2    | Identified the amulet of Xakakeik {Spirit +Inv Dex+4} (You
                  | found it in a treasure trove)
 51747 | Elf:2    | Identified the amulet of Morality {RegenMP rC+} (You found
                  | it in a treasure trove)
 51801 | Elf:2    | Reached skill level 15 in Fighting
 52077 | Elf:2    | Found a huge runed translucent gate.
 52077 | Elf:2    | Found a huge runed translucent gate.
 52077 | Elf:2    | Found a huge runed translucent gate.
 52079 | Elf:2    | Found a huge runed translucent gate.
 52080 | Elf:2    | Found a huge runed translucent gate.
 52314 | Elf:3    | Entered Level 3 of the Elven Halls
 52390 | Elf:3    | Identified the +6 falchion "Empet" {vamp, rPois rC- MR-
                  | Str+8}
 52396 | Elf:3    | Found Tiate's Gadget Shoppe.
 52417 | Elf:3    | Reached XP level 23. HP: 164/181 MP: 32/32
 52816 | Elf:3    | Identified the amulet "Byjo" {rC- MR++ Regen+ Slay+3
                  | Stlth+} (You found it in a treasure trove)
 53232 | Elf:3    | Identified the amulet "Couf" {Reflect *Slow Dex+6 SH+3
                  | Stlth+}
 53281 | Elf:3    | Identified the +7 spear of Vihaq {vamp, +Fly Dex+4 SInv}
 53570 | Elf:3    | Identified the ring "Citzuakh" {Fire rPois rN+ Int-3 Dex+2}
 53609 | Elf:3    | Got a crude helmet
 54092 | Snake:1  | Entered Level 1 of the Snake Pit
 54225 | Snake:1  | Identified the +1 helmet of Follow the Leader {Int+4} (You
                  | found it on level 3 of the Elven Halls)
 54268 | Snake:1  | Reached skill level 1 in Evocations
 56307 | Snake:3  | Identified Sif Muna's Grimoire of Helpful Contamination
 56418 | Snake:3  | Reached skill level 5 in Evocations
 56898 | Snake:4  | Entered Level 4 of the Snake Pit
 56901 | Snake:4  | Noticed Vashnia
 56951 | Snake:4  | Killed Vashnia
 57080 | Snake:4  | Gained mutation: You are powered by pain. [demonic
                  | ancestry]
 57080 | Snake:4  | Reached XP level 24. HP: 193/193 MP: 32/32
 57494 | Snake:4  | Got a serpentine rune of Zot
 57532 | Snake:4  | Noticed Aizul
 57547 | Snake:4  | Killed Aizul
 58017 | Snake:4  | Upgraded the game from 0.25-a0-164-gb55e97dba5 to
                  | 0.25-a0-166-g16436c4407
 58471 | Crypt:1  | Entered Level 1 of the Crypt
 58492 | Crypt:1  | Reached skill level 15 in Dodging
 58757 | Crypt:1  | Reached skill level 10 in Evocations
 59900 | Crypt:2  | Noticed Boris
 59918 | Crypt:2  | Killed Boris
 60061 | Crypt:2  | Identified the +4 leather armour of Ubiu {Str+8 Int+3 Dex-4
                  | SInv} (You found it on level 2 of the Crypt)
 60311 | Crypt:3  | Entered Level 3 of the Crypt
 60353 | Crypt:3  | Noticed Sojobo
 60462 | Crypt:3  | Killed Sojobo
 60785 | Crypt:3  | Gained mutation: A frigid envelope surrounds you and
                  | freezes all who hurt you. [demonic ancestry]
 60785 | Crypt:3  | Reached XP level 25. HP: 148/201 MP: 32/32
 61861 | Crypt:3  | Found a basalt altar of Yredelemnul.
 61861 | Crypt:3  | Found an ancient bone altar of Kikubaaqudgha.
 61906 | Crypt:3  | Identified the +0 halberd of the Undead {chop, rPois rF+
                  | Str+4 Int-2} (You found it on level 3 of the Crypt)
 61951 | Crypt:3  | Identified the ring "Azxumpot" {+Blink rElec rN+ Stlth-}
                  | (You found it on level 3 of the Crypt)
 61952 | Crypt:3  | Identified the ring of Attitude {rF+ rN+ Int+5 Slay-5 SInv}
                  | (You found it on level 3 of the Crypt)
 61998 | Crypt:3  | Found a staircase to the Tomb.
 62163 | Vaults:3 | Bought a scroll of immolation for 63 gold pieces
 62329 | Vaults:4 | Bought a potion of haste for 150 gold pieces
 62389 | Vaults:5 | Entered Level 5 of the Vaults
 62950 | Vaults:5 | Reached skill level 15 in Armour
 62963 | Vaults:5 | Reached XP level 26. HP: 186/212 MP: 32/32
 63118 | Vaults:5 | Found Fargh's Magic Scroll Shoppe.
 63124 | Vaults:5 | Bought a scroll of identify for 36 gold pieces
 63124 | Vaults:5 | Bought a scroll of identify for 36 gold pieces
 63124 | Vaults:5 | Bought a scroll of identify for 36 gold pieces
 63148 | Vaults:5 | Found Huduar Pafe's Distillery.
 63154 | Vaults:5 | Bought a potion of curing for 45 gold pieces
 63154 | Vaults:5 | Bought a potion of heal wounds for 75 gold pieces
 63154 | Vaults:5 | Bought a potion of heal wounds for 75 gold pieces
 63154 | Vaults:5 | Bought a potion of curing for 45 gold pieces
 63164 | Vaults:5 | Found Zoam's Food Shoppe.
 63365 | Vaults:5 | Found Nezewn's Antique Weapon Emporium.
 63376 | Vaults:5 | Found Husmia's Jewellery Shop.
 63384 | Vaults:5 | Found Jetaybubb's Book Shoppe.
 63395 | Vaults:5 | Found Roilae's Antique Armour Boutique.
 63518 | Vaults:5 | Got a silver rune of Zot
 63878 | Vaults:5 | Found Wihyll's Weapon Shoppe.
 64851 | Zig:1    | Entered Level 1 of a ziggurat
 64876 | Zig:2    | Entered Level 2 of a ziggurat
 64906 | Zig:3    | Entered Level 3 of a ziggurat
 64937 | Zig:4    | Entered Level 4 of a ziggurat
 64940 | Zig:4    | Noticed Harchoimm the pandemonium lord
 64963 | Zig:4    | Killed Harchoimm the pandemonium lord
 65099 | Zig:5    | Entered Level 5 of a ziggurat
 65124 | Zig:5    | Found the +3 hat of Pondering {ponderous, MR+ MP+10 Int+5}
 65169 | Zig:5    | Got a coiled platinum ring
 65181 | Zig:5    | Identified the cursed ring of Deirizuj {Str-3 Stlth+} (You
                  | found it on level 5 of a ziggurat)
 65186 | Zig:6    | Entered Level 6 of a ziggurat
 65206 | Zig:6    | Reached skill level 15 in Evocations
 65234 | Zig:6    | Identified the cursed +0 ring mail "Urcheiqoa" {rPois
                  | Regen+ Str+6 Dex-5} (You found it on level 6 of a ziggurat)
 65348 | Zig:7    | Entered Level 7 of a ziggurat
 65354 | Zig:7    | Noticed a juggernaut
 65363 | Zig:7    | Killed a juggernaut
 65421 | Zig:8    | Entered Level 8 of a ziggurat
 65457 | Zig:8    | Found the +0 mask of the Dragon {MR+ Slay+3 SInv}
 65482 | Zig:8    | Identified the cursed +1 robe of Zissumuc {*Contam rElec
                  | rPois Str-2} (You found it on level 8 of a ziggurat)
 65509 | Zig:9    | Entered Level 9 of a ziggurat
 65632 | Zig:9    | Identified the +1 scale mail "Fyit" {Stlth+} (You found it
                  | on level 9 of a ziggurat)
 65652 | Zig:10   | Entered Level 10 of a ziggurat
 65659 | Zig:10   | Noticed Uckyiwi the pandemonium lord
 65660 | Zig:10   | Noticed Yceomed the pandemonium lord
 65665 | Zig:10   | Noticed Qaisk the pandemonium lord
 65676 | Zig:10   | Killed Uckyiwi the pandemonium lord
 65682 | Zig:10   | Killed Qaisk the pandemonium lord
 65685 | Zig:10   | Gained mutation: You are dopey. (Int -2) [a cacodemon]
 65686 | Zig:10   | Killed Yceomed the pandemonium lord
 65997 | Zig:10   | Identified the ring "Xilumira" {Wiz rF+ rN+} (You found it
                  | on level 10 of a ziggurat)
 66000 | Zig:11   | Entered Level 11 of a ziggurat
 66041 | Zig:11   | Reached skill level 10 in Charms
 66074 | Zig:11   | Identified the +8 mace of the Undead {crush, rF+} (You
                  | found it on level 11 of a ziggurat)
 66084 | Zig:11   | Identified the +8 hand crossbow of Summer {penet, Int+3
                  | SInv Stlth-} (You found it on level 11 of a ziggurat)
 66093 | Zig:11   | Identified the Grimoire of the Vitriolic Traveller
 66102 | Zig:11   | Identified the cursed +1 chain mail of the Snake Pit {Str+4
                  | SInv} (You found it on level 11 of a ziggurat)
 66179 | Zig:12   | Entered Level 12 of a ziggurat
 66190 | Zig:12   | Noticed an ancient lich
 66192 | Zig:12   | Killed an ancient lich
 66192 | Zig:12   | Reached XP level 27. HP: 209/221 MP: 32/32
 66217 | Zig:12   | Identified Getri's Reference Book on Captivating Boosts
 66239 | Zig:12   | Identified the +5 lajatang of Propriety {pain, rElec Int+2}
                  | (You found it on level 12 of a ziggurat)
 66252 | Zig:12   | Identified the +6 lajatang of Empoc {drain, *Drain rC+
                  | Dex+4 SInv Stlth+} (You found it on level 12 of a ziggurat)
 66261 | Zig:12   | Identified the +6 hand crossbow "Bempits" {velocity, rC+
                  | Str+2} (You found it on level 12 of a ziggurat)
 66278 | Zig:13   | Entered Level 13 of a ziggurat
 66285 | Zig:13   | Noticed Humm the pandemonium lord
 66286 | Zig:13   | Noticed Wayfec the pandemonium lord
 66300 | Zig:13   | Killed Humm the pandemonium lord
 66306 | Zig:13   | Killed Wayfec the pandemonium lord
 66391 | Zig:13   | Identified the ring "Rel Bowegg" {Wiz Int+3 SInv Stlth+}
                  | (You found it on level 13 of a ziggurat)
 66404 | Zig:13   | Identified the +4 cloak of Chimes {rElec rF+ MR+ MP+9
                  | Dex-4} (You found it on level 13 of a ziggurat)
 66410 | Zig:13   | Identified the Handbook of the Enthralling Snowflakes
 66434 | Zig:14   | Entered Level 14 of a ziggurat
 66450 | Zig:14   | Noticed a juggernaut
 66452 | Zig:14   | Noticed a juggernaut
 66457 | Zig:14   | Killed a juggernaut
 66478 | Zig:14   | Killed a juggernaut
 66738 | Zot:1    | Entered Level 1 of the Realm of Zot
 66889 | Zot:1    | Reached skill level 1 in Crossbows
 67843 | Zot:2    | Noticed an orb of fire
 67855 | Zot:2    | Gained mutation: Armour fits poorly on your strangely
                  | shaped body. [an orb of fire]
 67862 | Zot:2    | Killed an orb of fire
 68017 | Zot:2    | Noticed an orb of fire
 68019 | Zot:2    | Gained mutation: Potions are less effective at restoring
                  | your health. [an orb of fire]
 68029 | Zot:2    | Killed an orb of fire
 68944 | Lair:1   | Lost mutation: Your magical capacity is very low. (-20% MP)
                  | [potion of mutation]
 68944 | Lair:1   | Lost mutation: Armour fits poorly on your strangely shaped
                  | body. [potion of mutation]
 68944 | Lair:1   | Lost mutation: Your magical capacity is low. (-10% MP)
                  | [potion of mutation]
 68944 | Lair:1   | Gained mutation: You possess an exceptional clarity of
                  | mind. [potion of mutation]
 68944 | Lair:1   | Gained mutation: You are resistant to electric shocks.
                  | (rElec) [potion of mutation]
 68945 | Lair:1   | Lost mutation: You possess an exceptional clarity of mind.
                  | [potion of mutation]
 68945 | Lair:1   | Gained mutation: You have a pair of small antennae on your
                  | head. [potion of mutation]
 68945 | Lair:1   | Gained mutation: You are robust. (+10% HP) [potion of
                  | mutation]
 68945 | Lair:1   | Gained mutation: Your muscles are strong. (Str +2) [potion
                  | of mutation]
 68946 | Lair:1   | Lost mutation: You are dopey. (Int -2) [potion of mutation]
 68946 | Lair:1   | Lost mutation: You are robust. (+10% HP) [potion of
                  | mutation]
 68946 | Lair:1   | Lost mutation: You have a pair of small antennae on your
                  | head. [potion of mutation]
 68946 | Lair:1   | Lost mutation: You are resistant to electric shocks.
                  | (rElec) [potion of mutation]
 68946 | Lair:1   | Gained mutation: Armour fits poorly on your strangely
                  | shaped body. [potion of mutation]
 68946 | Lair:1   | Lost mutation: Your muscles are strong. (Str +2) [potion of
                  | mutation]
 68946 | Lair:1   | Gained mutation: You are robust. (+10% HP) [potion of
                  | mutation]
 69237 | Pan      | Entered Pandemonium
 69542 | Pan      | Lost mutation: You are robust. (+10% HP) [potion of
                  | mutation]
 69542 | Pan      | Lost mutation: Armour fits poorly on your strangely shaped
                  | body. [potion of mutation]
 69542 | Pan      | Gained mutation: Armour fits poorly on your strangely
                  | shaped body. [potion of mutation]
 69542 | Pan      | Gained mutation: You are agile. (Dex +2) [potion of
                  | mutation]
 69542 | Pan      | Gained mutation: You expend magic power (3 MP) to
                  | strengthen your wands. [potion of mutation]
 69624 | Pan      | Lost mutation: You are agile. (Dex +2) [a cacodemon]
 69629 | Pan      | Gained mutation: Your flesh is heat resistant. (rF+) [a
                  | cacodemon]
 69633 | Pan      | Reached skill level 15 in Long Blades
 69657 | Pan      | Gained mutation: You are weak. (Str -2) [a cacodemon]
 69713 | Pan      | Gained mutation: Your magical capacity is low. (-10% MP) [a
                  | neqoxec]
 69722 | Pan      | Noticed Tabugo the pandemonium lord
 69724 | Pan      | Gained mutation: You are occasionally teleported next to
                  | monsters. [a neqoxec]
 69729 | Pan      | Gained mutation: Your magical capacity is very low. (-20%
                  | MP) [a neqoxec]
 69731 | Pan      | Gained mutation: Scrolls take you a little longer to read.
                  | [a neqoxec]
 69745 | Pan      | Killed Tabugo the pandemonium lord
 69811 | Pan      | Gained mutation: Potions are poor at restoring your health.
                  | [a neqoxec]
 69886 | Depths:3 | Escaped Pandemonium
 70185 | Depths:5 | Lost mutation: Armour fits poorly on your strangely shaped
                  | body. [potion of mutation]
 70185 | Depths:5 | Lost mutation: Scrolls take you a little longer to read.
                  | [potion of mutation]
 70185 | Depths:5 | Gained mutation: You are frail. (-10% HP) [potion of
                  | mutation]
 70185 | Depths:5 | Gained mutation: You have a pair of small horns on your
                  | head. [potion of mutation]
 70186 | Depths:5 | Lost mutation: Your magical capacity is very low. (-20% MP)
                  | [potion of mutation]
 70186 | Depths:5 | Lost mutation: You expend magic power (3 MP) to strengthen
                  | your wands. [potion of mutation]
 70186 | Depths:5 | Lost mutation: You are frail. (-10% HP) [potion of
                  | mutation]
 70186 | Depths:5 | Gained mutation: You evolve. [potion of mutation]
 70186 | Depths:5 | Gained mutation: You can translocate small distances at
                  | will. [potion of mutation]
 70187 | Depths:5 | Lost mutation: Your magical capacity is low. (-10% MP)
                  | [potion of mutation]
 70187 | Depths:5 | Lost mutation: You evolve. [potion of mutation]
 70187 | Depths:5 | Lost mutation: You are weak. (Str -2) [potion of mutation]
 70187 | Depths:5 | Gained mutation: You have a pair of horns on your head.
                  | [potion of mutation]
 70342 | Pan      | Entered Pandemonium
 70424 | Pan      | Identified the Reference Book on the Supportive Rocks
 70486 | Pan      | Found a transporter.
 70882 | Pan      | Found a transporter.
 70993 | Pan      | Reached skill level 5 in Crossbows
 71265 | Pan      | Noticed Wesose the pandemonium lord
 71344 | Pan      | Killed Wesose the pandemonium lord
 71414 | Pan      | Gained mutation: You are weak. (Str -2) [a cacodemon]
 71517 | Pan      | Slain by an Ice Fiend

Levels and vault maps discovered:
D:1:      mrwooster_arrival_arrow, layout_loops_cross
D:2:      layout_loops_ring, lightli_temple_of_fire, tgw_trog
D:3:      corexii_shack_village, layout_rooms, minmay_door_square
D:4:      layout_loops_ring, nemelex_xobeh_ov_fountains_minmay, serial_shops,
          shop, gammafunk_ghost_smash, grunt_ministairs_13
D:5:      layout_cave_pools, zin_treasury, first_ration
D:6:      layout_basic, okawaru_trees_1, yredelemnul_forgotten_temple_becter,
          lemuel_round_altar
D:7:      kennysheep_big_flooded_room, layout_cave_pods, marbit_many_paths,
          chequers_temple_overflow_statue_of_worship, overflow_temple_1_default,
          minmay_temple_entry_statues_pillars, serial_shops, shop_statue,
          basic_altar, minmay_statues_item, st_stairs_3, the_bakery,
          minmay_misc_feat_five, uniq_joseph, uniq_menkaure, uniq_prince_ribbit1
D:8:      layout_basic
D:9:      layout_loops_cross, erik_lair_orcish_takeover, uniq_psyche
D:10:     cheibrodos_fzero, layout_irregular_city
D:11:     layout_basic, serial_bayou, serial_bayou_pond_d, serial_bayou_pond_d,
          serial_bayou_ford_a, serial_bayou_lake_a,
          portal_ice_cave_entry_pillars_2
D:12:     layout_rooms, hellmonk_ghost_happy_afterlife, uniq_maurice
D:13:     layout_irregular_city, david_vaults_4, serial_shops,
          nicolae_shop_window_shopping, uniq_rupert
D:14:     layout_cave_pools, corexii_corridor_pit, serial_shops,
          nicolae_shop_window_shopping
D:15:     grunt_enter_depths_snipers, layout_layer_cave, lemuel_doored_altar,
          gammafunk_ghost_fury_of_okawaru, grunt_ministairs_9, uniq_roxanne,
          uniq_louise
Temple:   pf_slimified_temple
Lair:1:   layout_chaotic_city, grunt_megastairs_2, infiniplex_staircase_pool_2
Lair:2:   layout_chaotic_city, minmay_snake_entry_guardpost_medium,
          gauntlet_entry_generic, minmay_lair_oklob_chamber
Lair:3:   minmay_lair_venomous_thicket, layout_loops_ring, minivault_19,
          lemuel_fruit_tree
Lair:4:   layout_regular_city, shoals_dummy_entry,
          chequers_serial_rivers_small_3, hangedman_lair_generics_rect,
          grunt_megastairs_3, serial_bayou_shore_b, infiniplex_staircase_pool,
          serial_bayou_shore_b, uniq_kirke
Lair:5:   layout_regular_city, nicolae_quartered_pool_little, st_stairs_5
Lair:6:   cheibrodos_lair_end_hotspot, layout_big_grid, slime_altar_1
Shoals:1: layout_shoals, serial_shops, shop_coins, dpeg_stationary_puzzle
Shoals:2: layout_shoals, centaur_isle
Shoals:3: layout_shoals, wheals_shoals_ruined_temple
Shoals:4: shoals_end_hangedman, layout_shoals, shoals_ilsuiw_ice, serial_shops,
          nicolae_shop_behind_doors
Snake:1:  layout_onion_interference
Snake:2:  layout_chambers
Snake:3:  layout_onion_interference
Snake:4:  grunt_snake_rune_pools, layout_misc_corridors, library_closet,
          uniq_vashnia, uniq_aizul
Orc:1:    layout_caves
Orc:2:    pubby_orc_utopia
Elf:1:    elf_arrival_002, layout_loops_cross, serial_shops, shop, basic_altar,
          columned_hall_lemuel, minmay_misc_feat_ornament,
          bh_hangedman_babel_library
Elf:2:    layout_geoelf_octagon
Elf:3:    minmay_elf_hall, layout_geoelf_grid, serial_shops, nicolae_shop_trees,
          st_stairs_4
Vaults:1: st_greater_box_4, vaults_mumra_chevron_long, grunt_vaults_swirl,
          ontoclasm_vaults_pinch, v_misc_25, vaults_room_grid,
          ontoclasm_vaults_eye, layout_vaults_omnibox
Vaults:2: nicolae_vaults_hallways_thing, ontoclasm_vaults_tryst,
          ontoclasm_vaults_ring_small, ontoclasm_vaults_loading_screen,
          vaults_mumra_minichess, v_misc_4, nicolae_vaults_circle_grid_b,
          v_misc_25, layout_vaults_omnigrid
Vaults:3: v_alt_pattern_4, vaults_standard_mumra_x, ontoclasm_vaults_chip,
          minmay_crypt_entry_vampire_xt, vaults_room_boxed,
          grunt_vaults_hallway_short, hangedman_vaults_locks,
          nicolae_vaults_meeting, v_misc_28, layout_vaults_maze_bifur,
          serial_shops, shop_scrolls, uniq_frederick
Vaults:4: nicolae_vaults_big_ls, v_misc_14, hangedman_vaults_impose,
          ontoclasm_vaults_ligature, nicolae_vaults_three_branches,
          hangedman_vaults_stretched_pinwheel, v_alt_pattern_2,
          hangedman_vaults_cutoff, nicolae_vaults_network_quinsquares
          [nicolae_vaults_network_quincunx_subvault,
          nicolae_vaults_network_quincunx_subvault,
          nicolae_vaults_network_quincunx_subvault,
          nicolae_vaults_network_quincunx_subvault], sword_in_stone,
          nicolae_vaults_theta, ontoclasm_vaults_ring_small,
          ontoclasm_vaults_loading_screen, layout_vaults_ring, serial_shops,
          shop
Vaults:5
Crypt:1:  minmay_shadows, layout_chaotic_city
Crypt:2:  layout_rooms
Crypt:3:  lightli_unholy_cathedral, layout_chaotic_city, eino_tiny_chamber,
          grunt_ministairs_8, uniq_sojobo
Depths:1: layout_roguey, enter_trove_1, lightli_too_deep, serial_shops, shop,
          hangedman_corner_corridor, uniq_bai_suzhen
Depths:2: minmay_the_grid_octo_tiled_squarecenter_mashed
          [minmay_the_grid_octo_fat_diamond, minmay_the_grid_octo_77,
          minmay_the_grid_octo_clover_2, minmay_the_grid_octo_fan_narrow,
          minmay_the_grid_square_5x5_megaprize_hollow,
          minmay_the_grid_square_5x5_bridge, minmay_the_grid_square_5x5_shrine2,
          minmay_the_grid_square_5x5_hourglass,
          minmay_the_grid_square_5x5_n_small], layout_basic,
          serial_corexii_hall, corexii_hall_statues_s, corexii_hall_statues_l,
          grunt_hell_entry_dis_mu, solitary_fountain,
          infiniplex_staircase_zigzag_5, uniq_nikola, uniq_asterion
Depths:3: hangedman_elemental_death_ray, layout_cave_pools, hell_entry,
          marbit_kobold_abyss_entry, pan_entry, infiniplex_staircase_squiggle
Depths:4: minmay_polygon_palace, layout_honeycomb, abyss_entry, serial_shops,
          shop, hell_entry, abandoned_shop
Depths:5: grunt_zot_entry_gee_three, layout_cave_pools, enter_ziggurat_d,
          hell_entry, abyss_entry_small_statue_room,
          eino_small_chamber_without_monster, uniq_boris
Zot:1:    layout_cathedral_of_symmetry, drop_trap, zot_minivault_5
Zot:2:    layout_concentric_octagons
Pan:      evilmike_mini_pan_doors, layout_basic, pan_blood_fountain_small,
          reaverb_pan_squares, gammafunk_dig_for_victory, layout_irregular_city,
          nicolae_pan_diamonds, layout_irregular_city

Skill      XL: |  1  2  3  4  5  6  7  8  9 10 11 12 13 14 15 16 17 18 19 20 21 22 23 24 25 26 27 |
---------------+----------------------------------------------------------------------------------+-----
Long Blades    | 2 3 4 5 7 8 9 10 11 12 13 14 15 | 15.8
Armour         | 3 4 5 6 7 8 9 10 12 13 15 16 17 | 17.2
Shields        | 3 4 5 6 7 8 9 10 11 12 13 14 15 | 15.0
Fighting       | 4 5 6 8 9 11 12 13 14 15 16 17 18 19 20 | 20.6
Invocations    | 2 6 9 12 14 16 18 19 21 22 23 24 25 26 27 | 27.0
Dodging        | 3 5 7 8 9 10 11 12 13 14 15 16 17 18 | 18.8
Bows           | 4 6 |  6.5
Air Magic      | 4 6 8 9 |  9.3
Spellcasting   | 4 6 7 |  7.1
Charms         | 4 6 8 10 11 | 11.0
Evocations     | 6 12 14 15 17 | 17.2
Crossbows      | 5 |  5.8

Action                   |  1- 3 |  4- 6 |  7- 9 | 10-12 | 13-15 | 16-18 | 19-21 | 22-24 | 25-27 || total
-------------------------+-------+-------+-------+-------+-------+-------+-------+-------+-------++-------
Melee: Long sword        |    11 |       |       |       |       |       |       |       |       ||    11
       Dagger            |    72 |   112 |    86 |       |       |       |       |       |       ||   270
       Kick              |    11 |    37 |    10 |       |    43 |   535 |   664 |  1012 |   858 ||  3170
       Demon blade       |       |       |   153 |   510 |   880 |   977 |  1096 |  1751 |  1407 ||  6774
       Scimitar          |       |       |    12 |       |       |       |       |       |       ||    12
       Unarmed           |       |       |       |       |     5 |       |       |       |       ||     5
       Headbutt          |       |       |       |       |       |       |       |       |    87 ||    87
Invok: Upheaval          |       |       |       |     8 |    20 |    41 |    19 |    11 |    36 ||   135
       Disaster Area     |       |       |       |       |     1 |     2 |     1 |     1 |     6 ||    11
 Abil: Evoke Invisibilit |       |       |       |       |       |       |       |       |     1 ||     1
Evoke: Wand              |       |       |       |     1 |    26 |     6 |       |       |     1 ||    34
  Use: Scroll            |     3 |     6 |     9 |     8 |    14 |     6 |    15 |    14 |    24 ||    99
       Potion            |       |       |     3 |     1 |     8 |     3 |     2 |       |     9 ||    26
 Stab: Distracted        |       |       |       |       |       |       |     1 |       |       ||     1
       Invisible         |       |       |       |       |       |       |       |       |    15 ||    15
  Eat: Chunk             |     1 |     1 |     5 |    22 |    14 |    15 |     6 |     5 |       ||    69
       Ration            |       |     2 |     3 |     2 |     7 |     6 |     8 |    11 |    10 ||    49
Armor: Scale mail        |    29 |    58 |    89 |   119 |   101 |       |       |       |       ||   396
       Skin              |       |       |       |       |     2 |       |       |       |       ||     2
       Leather armour    |       |       |       |       |    74 |   151 |    24 |       |       ||   249
       Ice dragon scales |       |       |       |       |       |       |    40 |       |       ||    40
       Quicksilver drago |       |       |       |       |       |       |    61 |   184 |    58 ||   303
       Chain mail        |       |       |       |       |       |       |       |    25 |       ||    25
       Gold dragon scale |       |       |       |       |       |       |       |       |   363 ||   363
Dodge: Dodged            |     9 |    38 |    52 |   100 |   153 |   475 |   346 |   647 |   573 ||  2393
       Deflected         |       |       |       |       |    13 |    54 |    21 |    52 |    36 ||   176
Block: Shield            |    29 |    56 |   137 |   388 |   811 |  1092 |   818 |  1526 |  1424 ||  6281
       Reflection        |       |       |     5 |     3 |    17 |       |       |       |       ||    25
       Other             |       |       |       |       |     5 |       |       |       |       ||     5
       Rpst.: Demon blade |       |       |     7 |    32 |    31 |    64 |    52 |   125 |    92 ||   403

Table legend:
 A = Non-vault XP
 B = Vault XP
 C = Vault XP percentage of total XP
 D = Non-vault monster count
 E = Vault monster count
 F = Vault count percentage of total count
                 A         B        C        D         E       F
            +---------+---------+-------+---------+---------+-------
      Total | 1086506 |  697497 |  39.1 |    1743 |     910 |  34.3
            +---------+---------+-------+---------+---------+-------
        D:1 |       8 |       0 |   0.0 |       5 |       0 |   0.0
        D:2 |     115 |      13 |  10.2 |      34 |       5 |  12.8
        D:3 |     207 |      27 |  11.5 |      19 |      13 |  40.6
        D:4 |     107 |     643 |  85.7 |       6 |       6 |  50.0
        D:5 |     407 |       0 |   0.0 |      20 |       0 |   0.0
        D:6 |     286 |       1 |   0.3 |       8 |       1 |  11.1
        D:7 |    1583 |    1609 |  50.4 |      28 |       8 |  22.2
        D:8 |     798 |       0 |   0.0 |      28 |       0 |   0.0
        D:9 |    1033 |    1864 |  64.3 |      27 |      17 |  38.6
       D:10 |    2428 |    1273 |  34.4 |      17 |       8 |  32.0
       D:11 |    3464 |       0 |   0.0 |      38 |       0 |   0.0
       D:12 |    2493 |    1245 |  33.3 |      13 |       2 |  13.3
       D:13 |    9858 |    5562 |  36.1 |      39 |       4 |   9.3
       D:14 |   10153 |       0 |   0.0 |      37 |       0 |   0.0
       D:15 |   19438 |   10520 |  35.1 |      49 |      11 |  18.3
     Lair:1 |    2516 |     372 |  12.9 |      13 |       1 |   7.1
     Lair:2 |    3891 |    4936 |  55.9 |      23 |      13 |  36.1
     Lair:3 |    8299 |    4564 |  35.5 |      19 |      14 |  42.4
     Lair:4 |    4235 |    3513 |  45.3 |      17 |       9 |  34.6
     Lair:5 |    3153 |     103 |   3.2 |       7 |       1 |  12.5
     Lair:6 |    7290 |    6122 |  45.6 |      18 |      24 |  57.1
   Shoals:1 |   28303 |     707 |   2.4 |      60 |       1 |   1.6
   Shoals:2 |   13569 |    1479 |   9.8 |      24 |       6 |  20.0
   Shoals:3 |   31974 |    7049 |  18.1 |      63 |       9 |  12.5
   Shoals:4 |   16026 |   26583 |  62.4 |      26 |      36 |  58.1
    Snake:1 |   13195 |       0 |   0.0 |      25 |       0 |   0.0
    Snake:2 |    9507 |       0 |   0.0 |      20 |       0 |   0.0
    Snake:3 |   28795 |       0 |   0.0 |      48 |       0 |   0.0
    Snake:4 |   26620 |   47452 |  64.1 |      44 |      63 |  58.9
      Orc:1 |    4754 |       0 |   0.0 |      51 |       0 |   0.0
      Orc:2 |       0 |   23631 | 100.0 |       0 |     145 | 100.0
      Elf:1 |    9333 |    5405 |  36.7 |      15 |       9 |  37.5
      Elf:2 |   34971 |    1826 |   5.0 |      56 |       2 |   3.4
      Elf:3 |   25965 |   50488 |  66.0 |      42 |      29 |  40.8
   Vaults:1 |   29143 |   39119 |  57.3 |      45 |      43 |  48.9
   Vaults:2 |   30579 |   12765 |  29.5 |      46 |      23 |  33.3
   Vaults:3 |   12698 |   40335 |  76.1 |      24 |      41 |  63.1
   Vaults:4 |   23577 |   58174 |  71.2 |      41 |      46 |  52.9
   Vaults:5 |   19603 |  125019 |  86.4 |      22 |      93 |  80.9
    Crypt:1 |   29466 |   10205 |  25.7 |      34 |      25 |  42.4
    Crypt:2 |   33224 |    6902 |  17.2 |      32 |       6 |  15.8
    Crypt:3 |   18977 |   46037 |  70.8 |      27 |      32 |  54.2
   Depths:1 |   20124 |   18210 |  47.5 |      27 |      10 |  27.0
   Depths:2 |   24205 |   24786 |  50.6 |      31 |      21 |  40.4
   Depths:3 |   40385 |    6548 |  14.0 |      55 |      12 |  17.9
   Depths:4 |   34780 |   17364 |  33.3 |      31 |      15 |  32.6
   Depths:5 |   54705 |   31474 |  36.5 |      59 |      18 |  23.4
      Zot:1 |   14734 |   12426 |  45.8 |      10 |      11 |  52.4
      Zot:2 |   54688 |       0 |   0.0 |      22 |       0 |   0.0
        Pan |   87315 |   19783 |  18.5 |     116 |      17 |  12.8
      Zig:1 |    1736 |       0 |   0.0 |       1 |       0 |   0.0
      Zig:2 |    1667 |       0 |   0.0 |       2 |       0 |   0.0
      Zig:3 |    2484 |       0 |   0.0 |       4 |       0 |   0.0
      Zig:4 |    8109 |       0 |   0.0 |       4 |       0 |   0.0
      Zig:5 |    5995 |       0 |   0.0 |       8 |       0 |   0.0
      Zig:6 |    9113 |       0 |   0.0 |       6 |       0 |   0.0
      Zig:7 |   12769 |       0 |   0.0 |      14 |       0 |   0.0
      Zig:8 |   12610 |       0 |   0.0 |      11 |       0 |   0.0
      Zig:9 |   13190 |       0 |   0.0 |      17 |       0 |   0.0
     Zig:10 |   36286 |    2215 |   5.8 |      13 |       4 |  23.5
     Zig:11 |   20917 |       0 |   0.0 |      20 |       0 |   0.0
     Zig:12 |   26683 |       0 |   0.0 |      21 |       0 |   0.0
     Zig:13 |   49437 |       0 |   0.0 |      19 |       0 |   0.0
     Zig:14 |   32533 |       0 |   0.0 |      42 |       0 |   0.0
      IceCv |       0 |   11829 | 100.0 |       0 |      44 | 100.0
   Gauntlet |       0 |    7319 | 100.0 |       0 |      12 | 100.0
            +---------+---------+-------+---------+---------+-------
